 Dungeon Crawl Stone Soup version 0.29.0-13-gc9e81de378 (webtiles) character file.

Game seed: 10224994801560951182

7045 gelatine the Cleaver (level 10, -3/88 HPs)
             Began as a Minotaur Fighter on Sept 8, 2022.
             Slain by an orc warrior
             ... wielding a +0 glaive
              (16 damage)
             ... on level 8 of the Dungeon.
             The game lasted 00:18:44 (7812 turns).

gelatine the Cleaver (Minotaur Fighter)             Turns: 7812, Time: 00:18:45

Health: -3/88      AC: 14    Str: 35    XL:     10   Next: 83%
Magic:  9/9        EV: 12    Int:  5    God:
Gold:   1210       SH: 11    Dex: 13    Spells: 9/9 levels left

rFire   . . .      SeeInvis .   a - +0 war axe
rCold   . . .      Faith    .   p - +0 kite shield
rNeg    + . .      Spirit   .   Q - +1 ring mail of the World {rN+ Str+4}
rPois   +          Reflect  .   (helmet restricted)
rElec   .          Harm     .   J - +2 cloak
rCorr   .          Rampage  .   h - +0 pair of gloves {Dex+3}
Will    .....                   x - +0 pair of boots
Stlth   +.........              S - amulet of the acrobat
HPRegen 0.24/turn               A - +6 ring of strength
MPRegen 0.11/turn               o - ring of poison resistance

@: hasted, very quick
A: horns 2, retaliatory headbutt
a: no special abilities


You were on level 8 of the Dungeon.
You visited 2 branches of the dungeon, and saw 9 of its levels.
You also visited: Bailey.

You collected 1210 gold pieces.

Inventory:

Hand Weapons
 a - a +0 war axe (weapon)
 T - a +4 hand axe
Missiles
 r - 20 boomerangs (quivered)
 s - 8 poisoned darts
 G - 5 datura-tipped darts
 P - a curare-tipped dart
Armour
 d - a +0 chain mail
 h - a +0 pair of gloves of dexterity (worn)
 p - a +0 kite shield (worn)
 x - a +0 pair of boots (worn)
 J - a +2 cloak (worn)
 L - a +1 ring mail of fire resistance
 N - +0 steam dragon scales
 Q - the +1 ring mail of the World (worn) {rN+ Str+4}
   (You found it on level 7 of the Dungeon)

   Str:       It affects your strength (+4).
   rN:        It protects you from negative energy.
 W - the +0 ring mail "Saehyil" {SInv}
   (You found it on level 8 of the Dungeon)

   SInv:      It lets you see invisible.
Jewellery
 m - a +6 ring of dexterity
 o - a ring of poison resistance (right hand)
 v - an amulet of magic regeneration
 y - a ring of fire
 A - a +6 ring of strength (left hand)
 M - a ring of ice
 S - an amulet of the acrobat (around neck)
 U - a ring of flight
Wands
 u - a wand of flame (13)
 O - a wand of roots (5)
Scrolls
 c - 2 scrolls of teleportation {unknown}
 e - a scroll of immolation {unknown}
 g - 2 scrolls of enchant armour {unknown}
 i - a scroll of vulnerability {unknown}
 k - 2 scrolls of noise {unknown}
 l - 7 scrolls of identify {unknown}
 w - a scroll of amnesia {unknown}
 z - 2 scrolls of blinking {unknown}
 D - 2 scrolls of enchant weapon {unknown}
 F - a scroll of summoning {unknown}
 K - 2 scrolls of fog {unknown}
Potions
 b - a potion of heal wounds {unknown}
 f - a potion of berserk rage {unknown}
 j - 2 potions of ambrosia {unknown}
 n - a potion of attraction {unknown}
 q - a potion of cancellation {unknown}
 t - 4 potions of invisibility {unknown}
 B - 8 potions of curing {unknown}
 C - 6 potions of flight
 E - a potion of resistance {unknown}
 H - 2 potions of lignification {unknown}
 R - a potion of magic {unknown}
Miscellaneous
 V - a phial of floods (inert)


   Skills:
 * Level 8.1 Fighting
 * Level 11.9 Axes
 + Level 3.0 Throwing
 * Level 9.4 Armour
 * Level 6.1 Dodging
 + Level 0.9 Stealth
 * Level 9.2 Shields


You had 9 spell levels left.
You didn't know any spells.
Your spell library contained the following spells:

 Spells                   Type           Power      Damage    Failure   Level
 Summon Small Mammal      Summ           0%         N/A       85%         1
 Call Canine Familiar     Summ           0%         N/A       99%         3
 Portal Projectile        Hex/Tloc       0%         N/A       99%         3
 Summon Guardian Golem    Hex/Summ       0%         N/A       99%         3
 Animate Dead             Necr           0%         N/A       100%        4
 Leda's Liquefaction      Hex/Erth       0%         N/A       100%        4
 Lee's Rapid Deconstruct  Erth           0%         3d5*      100%        5
 Summon Forest            Summ/Tloc      0%         N/A       100%        5
 Eringya's Noxious Bog    Tmut/Pois      0%         N/A       100%        6
 Statue Form              Tmut/Erth      0%         N/A       100%        6
 Haunt                    Necr/Summ      0%         N/A       100%        7
 Summon Hydra             Summ           0%         N/A       100%        7
 Infestation              Necr           0%         N/A       100%        8


Dungeon Overview and Level Annotations

Branches:
Dungeon (8/15)             Temple (1/1) D:5          Bailey (visited)
   Lair: D:8-11

Altars:
Ashenzari
Cheibriados
Dithmenos
Elyvilon
Gozag
Hepliaklqana
Kikubaaqudgha
Makhleb
Nemelex Xobeh
Okawaru
Ru
Trog
Uskayaw
Vehumet
Wu Jian
Xom
Yredelemnul

Shops:
D:6 *


Innate Abilities, Weirdness & Mutations

You have a pair of horns on your head.
You reflexively headbutt those who attack you in melee.


Message History

Moving in this stuff is going to be slow.
The orc is engulfed in water.
The orc warrior is engulfed in water.
You hear a shout! x5; You hear an angry hiss.
You hear a shout! x2
You block the orc's attack. The orc warrior barely misses you.
The orc attacks as you move away! You block the orc's attack.
The orc warrior misses you.
You hit the orc priest.
The orc priest is severely wounded.
You barely miss the orc. The orc barely misses you.
The orc warrior splashes around in the water.
You hit the orc priest. Your headbutt misses the orc priest.
The orc priest is almost dead.
You closely miss the orc. The orc hits you but does no damage.
The orc warrior barely misses you. The orc priest barely misses you.
You slice the orc priest!!
You kill the orc priest!
You hear a splash. x2
You hit the orc. The orc warrior barely misses you.
The orc warrior splashes around in the water.
You block the orc's attack.
You hit the orc but do no damage.
The orc is severely wounded.
The orc barely misses you. You block the orc warrior's attack.
Unknown command.
You hit the orc.
You kill the orc!
The orc warrior splashes around in the water.
The orc warrior is no longer waterlogged.
Aiming: Fastroot
Press: ? - help, Q - select action, (/) - cycle Shift-Dir - straight line, f - orc warrior
Aim: an orc warrior, wielding a +0 glaive and wearing a +0 plate armour The roots erupt in riotous growth!
Roots grab the orc warrior.
The grasping roots constrict the orc warrior.
The orc warrior barely misses you.
The grasping roots constrict the orc warrior.
The roots release their grip on the orc warrior.
You feel yourself speed up.
The orc warrior hits you from afar with a +0 glaive!
You die...

###### .....# ####.#
###### #.# #....## #.#
###...#.# #.#
#####....#..# #.#
##.....#.#...# #.#
#..#....@##### #.#
#.##...#.#...#
#.####.##..#.o.#..#
####'##...##.#.....#.#
........#####.......##
..###...########.)...#
.## ##.....##...).).##
## ##.####.#..)..#.# #
#....#..#...#..#


You could see an orc warrior.

Vanquished Creatures
  2 two-headed ogres
  Maggie (D:7)
  A troll (D:6)
  Sigmund (D:3)
  10 yaks
  2 water moccasins
  2 ice beasts
  7 orc warriors (Bailey)
  2 black bears
  7 ogres
  2 phantoms
  2 kobold brigands (D:7)
  2 bullfrogs
  3 scorpions
  4 wights (D:7)
  4 killer bees (D:7)
  2 howler monkeys
  3 hounds
  2 jellies
  4 orc priests
  Natasha (thrice) (D:3)
  Crazy Yiuf (D:5)
  10 orc wizards
  4 iguanas
  6 adders
  5 gnolls
  A shadow imp (D:8)
  An ufetubus (D:5)
  4 dart slugs
  23 orcs
  3 ball pythons
  4 bats
  7 endoplasms
  8 goblins
  5 hobgoblins
  3 jackals
  24 kobolds
  3 quokkas
  3 frilled lizards
  5 rats
186 creatures vanquished.

Vanquished Creatures (others)
  A fungus (D:5)
1 creature vanquished.

Grand Total: 187 creatures vanquished

Notes
Turn   | Place    | Note
-------+----------+-------------------------------------------
     0 | D:1      | gelatine the Minotaur Fighter began the quest for the Orb.
     0 | D:1      | Reached XP level 1. HP: 19/19 MP: 0/0
   324 | D:1      | Reached XP level 2. HP: 27/27 MP: 1/1
   795 | D:2      | Reached XP level 3. HP: 33/33 MP: 2/2
  1288 | D:3      | Noticed Sigmund
  1301 | D:3      | Killed Sigmund
  1302 | D:3      | Reached skill level 3 in Axes
  1302 | D:3      | Reached skill level 1 in Dodging
  1302 | D:3      | Reached skill level 5 in Shields
  1302 | D:3      | Reached XP level 4. HP: 24/41 MP: 3/3
  1302 | D:3      | Reached XP level 5. HP: 28/47 MP: 4/4
  1453 | D:3      | Reached skill level 4 in Axes
  1453 | D:3      | Reached skill level 5 in Armour
  1459 | D:3      | Reached XP level 6. HP: 21/53 MP: 5/5
  1720 | D:3      | Found a snail-covered altar of Cheibriados.
  1774 | D:3      | Found a faded altar of an unknown god.
  1928 | D:3      | Noticed Natasha
  1936 | D:3      | Killed Natasha
  1937 | D:3      | Reached skill level 5 in Axes
  2089 | D:3      | Noticed Natasha
  2097 | D:3      | Killed Natasha
  2236 | D:3      | Noticed Natasha
  2245 | D:3      | Killed Natasha
  2246 | D:3      | Reached skill level 5 in Fighting
  2312 | D:4      | Reached XP level 7. HP: 57/61 MP: 6/6
  2601 | D:4      | Reached skill level 6 in Axes
  2795 | D:4      | Found a bloodstained altar of Trog.
  3048 | D:4      | Reached skill level 7 in Axes
  3048 | D:4      | Reached XP level 8. HP: 33/69 MP: 7/7
  3365 | D:4      | Found a white marble altar of Elyvilon.
  3432 | D:5      | Entered Level 5 of the Dungeon
  3699 | D:5      | Found a burning altar of Makhleb.
  3779 | D:5      | Found a staircase to the Ecumenical Temple.
  3818 | Temple   | Entered the Ecumenical Temple
  4259 | D:5      | Found a runed translucent door.
  4260 | D:5      | Noticed Crazy Yiuf
  4265 | D:5      | Killed Crazy Yiuf
  4596 | D:6      | Reached skill level 8 in Axes
  4646 | D:6      | Found Tan Ducka's Assorted Antiques.
  4656 | D:6      | Found a hide-covered altar of Uskayaw.
  5041 | D:6      | Noticed a troll
  5048 | D:6      | Killed a troll
  5049 | D:6      | Reached skill level 9 in Axes
  5049 | D:6      | Reached XP level 9. HP: 54/75 MP: 8/8
  5284 | D:7      | Noticed Maggie
  5303 | D:7      | Killed Maggie
  5323 | D:7      | Reached skill level 10 in Axes
  5581 | D:7      | Found a hazy altar of Hepliaklqana.
  5642 | D:7      | Found an ancient bone altar of Kikubaaqudgha.
  5920 | D:7      | Reached XP level 10. HP: 82/86 MP: 9/9
  5921 | D:7      | Identified the +1 ring mail of the World {rN+ Str+4}
  6231 | D:7      | Reached skill level 5 in Dodging
  6283 | D:7      | Noticed a two-headed ogre
  6291 | D:7      | Killed a two-headed ogre
  6292 | D:7      | Reached skill level 11 in Axes
  6292 | D:7      | Reached skill level 1 in Throwing
  6716 | D:8      | Found a flagged portal.
  7055 | D:8      | Found a radiant altar of Vehumet.
  7064 | Bailey   | Entered a bailey
  7448 | D:8      | Noticed a two-headed ogre
  7457 | D:8      | Killed a two-headed ogre
  7677 | D:8      | Identified the +0 ring mail "Saehyil" {SInv}
  7812 | D:8      | Slain by an orc warrior

Illustrated notes

Levels and vault maps discovered:
D:1:      lemuel_arrival_cross, layout_basic, serial_bayou_pond_e
D:2:      layout_loops_ring, corner_web_ring, nicolae_titane
D:3:      layout_rooms, cheibriados_altar_1,
          dreamdust_ecumenical_altar_angels_and_demons, uniq_sigmund,
          uniq_natasha
D:4:      minmay_chambers_of_twos, layout_cave_pools, overflow_temple_1_default,
          general_overflow_altar
D:5:      layout_loops_cross, kennysheep_little_box, minmay_temple_entry_tees,
          uniq_crazy_yiuf_cottage
D:6:      layout_loops_ring, nicolae_uskayaw_murder_on_the_dancefloor,
          serial_shops, nicolae_take_the_stairs
D:7:      layout_basic, mainiacjoe_overflow_alcove_1,
          mainiacjoe_overflow_boulevard, uniq_maggie
D:8:      layout_basic, mainiacjoe_overflow_six_doors_small,
          mainiacjoe_overflow_brackets, marbit_many_paths, enter_bailey_6,
          grunt_ministairs_12, hangedman_decor_diamond_cutter
Temple:   hellmonk_temple_forest_ring

Skill      XL: |  1  2  3  4  5  6  7  8  9 10 |
---------------+-------------------------------+-----
Shields        | 4 5 6 8 9 |  9.2
Fighting       | 4 5 6 7 8 |  8.1
Armour         | 4 5 6 7 8 9 |  9.4
Axes           | 3 4 5 7 9 10 11 | 11.9
Dodging        | 1 2 3 4 6 |  6.1
Throwing       | 3 |  3.0
Stealth        | |  0.9

Action                   |  1- 3 |  4- 6 |  7- 9 | 10-12 || total
-------------------------+-------+-------+-------+-------++-------
Melee: War axe           |    49 |    53 |   216 |   119 ||   437
       Headbutt          |     9 |    14 |    44 |    18 ||    85
Throw: Dart              |     5 |       |       |       ||     5
       Boomerang         |       |       |    15 |    66 ||    81
Evoke: Wand              |       |       |       |     1 ||     1
       Phial of floods   |       |       |       |     1 ||     1
  Use: Potion            |       |       |       |     2 ||     2
Armor: Scale mail        |    21 |    22 |    50 |       ||    93
       Ring mail         |       |       |    35 |    34 ||    69
Dodge: Dodged            |    24 |    25 |    92 |    68 ||   209
Block: Buckler           |    11 |       |       |       ||    11
       Kite shield       |     2 |    29 |   122 |    84 ||   237
